 Dungeon Crawl Stone Soup version 0.17-a0-1678-g710b578 (webtiles) character file.

496 Skarn the Shield-Bearer (level 6, -3/53 HPs)
             Began as a Minotaur Fighter on Aug 18, 2015.
             Slain by Eustachio
             ... wielding a +2 falchion of freezing
              (10 damage)
             ... on level 4 of the Dungeon.
             The game lasted 00:22:09 (1464 turns).

Skarn the Shield-Bearer (Minotaur Fighter)          Turns: 1464, Time: 00:22:09

Health: -3/53      AC: 10    Str: 22    XL:     6   Next: 93%
Magic:  5/5        EV: 10    Int:  5    God:
Gold:   161        SH: 10    Dex: 10    Spells: 0 memorised, 5 levels left

rFire  . . .     SeeInvis .     a - +1 long sword
rCold  + . .     Clarity  .     k - +2 ring mail {rC+}
rNeg   . . .     SustAt   .     c - +0 shield
rPois  .         Gourm    .     (helmet restricted)
rElec  .         Spirit   .     (no cloak)
rCorr  .         Warding  .     (no gloves)
rMut   .         Rnd*Tele +     C - +1 pair of boots
MR     .....                    (no amulet)
Stlth  ..........               x - ring of teleportation (curse)
                                p - ring of loudness (curse)

@: starving, not resistant to hostile enchantments, extremely unstealthy
A: retaliatory headbutt, horns 2
a: Evoke Teleportation


You were on level 4 of the Dungeon.
You were starving.

You visited 1 branch of the dungeon, and saw 4 of its levels.
You also visited: Sewer.

You collected 161 gold pieces.

Inventory:

Hand weapons
 a - a +1 long sword (weapon)
 h - a +0 dagger
 G - a +0 dagger of speed
Missiles
 g - 83 stones (quivered)
 l - 47 arrows
 u - 3 sling bullets
 w - 10 poisoned bolts
Armour
 b - a +0 scale mail
 c - a +0 shield (worn)
 k - a +2 ring mail of cold resistance (worn)
 s - a quicksilver dragon hide
 z - a cursed +0 shield
 C - a +1 pair of boots (worn)
 H - a +2 robe of fire resistance
Jewellery
 p - a cursed ring of loudness (left hand)
 x - a cursed ring of teleportation (right hand)
 A - an uncursed ring of protection from fire
Scrolls
 f - a scroll of magic mapping {unknown}
 j - a scroll of immolation {unknown}
 n - 2 scrolls of identify
 o - 2 scrolls of enchant weapon
 v - a scroll of enchant armour
 y - a scroll of fog {unknown}
 B - 2 scrolls of random uselessness {unknown}
 E - a scroll of remove curse {unknown}
Potions
 d - a potion of might
 i - 2 potions of haste {unknown}
 m - 2 potions of flight {unknown}
 q - 6 potions of curing
 r - 2 potions of lignification {unknown}
 D - 2 potions of heal wounds {unknown}
 F - a potion of agility {unknown}
Comestibles
 e - 2 bread rations
 t - a meat ration
 I - a beef jerky


   Skills:
 + Level 4.4 Fighting
 + Level 3.9 Long Blades
 + Level 0.8 Throwing
 + Level 5.1 Armour
 + Level 4.1 Dodging
 + Level 5.8 Shields


You had 5 spell levels left.
You didn't know any spells.

Dungeon Overview and Level Annotations

Branches:
Dungeon (4/15)
 Temple: D:4-7

Altars:
Kikubaaqudgha
Sif Muna
Xom

Annotations:
D:4 Duvessa, Eustachio, Natasha


Innate Abilities, Weirdness & Mutations

You reflexively headbutt those who attack you in melee.
You have a pair of horns on your head.


Message History

You block the rat's attack. The white imp closely misses you.
Eustachio hits you but does no damage.
The rat twitches its whiskers.
You hit Eustachio.
Eustachio is lightly wounded.
The rat bites you but does no damage. You block the white imp's attack.
Eustachio hits you with a falchion of freezing!
* * * LOW HITPOINT WARNING * * *
Eustachio freezes you.
* * * LOW HITPOINT WARNING * * *
The rat barely misses you.
You hit Eustachio but do no damage. Your headbutt misses Eustachio.
Eustachio is lightly wounded.
The white imp closely misses you. Eustachio hits you but does no damage.
The rat bites you but does no damage. The white imp barely misses you.
You hit Eustachio.
You headbutt Eustachio, but do no damage.
Eustachio is lightly wounded.
Eustachio hits you with a falchion of freezing!
You die...

.#.#.# #...% ..(...
#....# (#.#.#
#....# ##......
#....# #..#.#.#
#....# #.......
###....####...>...
............#######
.....#...#.....r@5#
....#..##########@#
.......## #r#
..#.....## #b#
.........#
#.....r@r..
.......<.#
#....#####.
.........# #.....
........## #.#####
...#....# #.


You could see Eustachio, a white imp, a bat and 2 rats.

Vanquished Creatures
  An ogre (D:4)
  3 big kobolds (Sewer)
  Blork the orc (D:4)
  Dowan (D:4)
  A worker ant (D:4)
  A river rat (D:3)
  3 adders
  A worm (D:3)
  A giant gecko (D:1)
  4 giant cockroaches
  3 hobgoblins
  2 jackals (D:2)
  2 kobolds (D:3)
  2 quokkas
  A ball python (D:4)
  4 bats
  2 giant newts
  2 goblins (D:1)
  9 rats
44 creatures vanquished.

Notes
Turn   | Place    | Note
--------------------------------------------------------------
     0 | D:1      | Skarn the Minotaur Fighter began the quest for the Orb.
     0 | D:1      | Reached XP level 1. HP: 19/19 MP: 0/0
   395 | D:2      | Reached XP level 2. HP: 24/27 MP: 1/1
   404 | D:2      | Reached skill level 4 in Fighting
   477 | D:2      | Found a faded altar to an unknown god.
   486 | D:2      | Reached XP level 3. HP: 33/33 MP: 2/2
   704 | D:3      | Found a deep blue altar of Sif Muna.
   809 | D:3      | Found an ancient bone altar of Kikubaaqudgha.
   891 | D:3      | Found a glowing drain.
   895 | Sewer    | Entered a sewer
   904 | Sewer    | Reached XP level 4. HP: 24/40 MP: 3/3
   922 | Sewer    | Noticed a big kobold necromancer
   933 | Sewer    | Killed a big kobold necromancer
   933 | Sewer    | Reached skill level 1 in Dodging
   933 | Sewer    | Reached XP level 5. HP: 27/46 MP: 4/4
   981 | Sewer    | Noticed a big kobold necromancer
   998 | Sewer    | Killed a big kobold necromancer
   998 | Sewer    | Reached skill level 5 in Shields
  1032 | Sewer    | Noticed a big kobold necromancer
  1043 | Sewer    | Killed a big kobold necromancer
  1043 | Sewer    | Reached XP level 6. HP: 41/52 MP: 5/5
  1201 | D:4      | Found a shimmering altar of Xom.
  1202 | D:4      | Found a shimmering altar of Xom.
  1203 | D:4      | Found a shimmering altar of Xom.
  1204 | D:4      | Noticed Natasha
  1235 | D:4      | Noticed Dowan
  1236 | D:4      | Noticed Duvessa
  1292 | D:4      | Killed Dowan
  1292 | D:4      | Reached skill level 5 in Armour
  1318 | D:4      | Noticed Blork the orc
  1349 | D:4      | Killed Blork the orc
  1448 | D:4      | Noticed Eustachio
  1464 | D:4      | Slain by Eustachio

Vault maps used:
D:1:      matt_arrival_debris, corner_web_ring
D:2:      minmay_door_path, ecumenical_altar_1, first_bread
D:3:      minmay_overflow_temple_star_hex, overflow_temple_1_default,
          old_standard_altar, gup_sewer_entry_bowl
D:4:      bloody_trog, nicolae_qazlal_general_emergency,
          serial_co_window_serial, co_window_corner_a, co_window_paths_a,
          co_window_paths_a, co_window_of_opportunity_a, co_window_corner_a,
          co_window_of_opportunity_c, co_window_unsneaky_path_c,
          co_window_of_opportunity_c, co_window_2corner, co_window_paths_e,
          co_window_sun, glass_columns_c, glass_columns_a, glass_columns_b,
          glass_columns_b, glass_columns_a, xom_redecorated, uniq_natasha,
          uniq_duvessa, uniq_eustachio, uniq_blork_the_orc
Sewer:    sewer_kobold_necro_badplayer

Action                   |  1- 3 |  4- 6 || total
-------------------------+-------+-------++-------
Melee: Long sword        |    81 |    91 ||   172
       Dagger            |       |     6 ||     6
Throw: Stone             |     1 |    24 ||    25
  Use: Scroll            |       |     3 ||     3
